 Dungeon Crawl Stone Soup version 0.26.0-9-gab577f9fc5 (webtiles) character file.

Game seed: 10980835901129680983

56 EnegeticOcto the Sneak (level 3, 33/33 HPs)
             Began as a Deep Dwarf Delver on Jan 13, 2021.
             Quit the game on level 4 of the Dungeon.
             The game lasted 00:01:00 (135 turns).

EnegeticOcto the Sneak (Deep Dwarf Delver)           Turns: 135, Time: 00:01:00

Health: 33/33      AC:  6    Str: 16    XL:     3   Next: 71%
Magic:  3/3        EV: 10    Int: 10    God:
Gold:   21         SH:  0    Dex: 14    Spells: 2/2 levels left

rFire    . . .     SeeInvis .   a - +0 hand axe
rCold    . . .     Faith    .   (no shield)
rNeg     . . .     Spirit   .   h - +0 scale mail
rPois    .         Reflect  .   (no helmet)
rElec    .         Harm     .   (no cloak)
rCorr    .         Rampage  .   (no gloves)
Will     .....                  (no boots)
Stlth    ++........             (no amulet)
HPRegen  0.00/turn              (no ring)
MPRegen  0.08/turn              (no ring)

@: non-regenerating
A: damage resistance, heal wounds, sense surroundings 1, no regeneration
a: Heal Wounds


You were on level 4 of the Dungeon.
You visited 1 branch of the dungeon, and saw 2 of its levels.

You collected 21 gold pieces.

Inventory:

Hand Weapons
 a - a +0 hand axe (weapon)
Armour
 b - a +0 leather armour
 h - a +0 scale mail (worn)
   (You found it on level 5 of the Dungeon)
Wands
 g - a wand of digging (3) {@v3}
Scrolls
 c - a scroll of fog {!r}
 d - a scroll of magic mapping {@r5 !r}
 e - a scroll of fear {!r}
Potions
 f - 3 potions of haste {@q4 !q}


   Skills:
 - Level 2.6 Fighting
 + Level 4.5 Axes
 - Level 2.1 Dodging
 - Level 6.0 Stealth


You had 2 spell levels left.
You didn't know any spells.
Your spell library was empty.

Dungeon Overview and Level Annotations

Branches:
Dungeon (5/15)
 Temple: D:4-7

Altars:
Fedhas
Gozag


Innate Abilities, Weirdness & Mutations

You are resistant to damage.
You can heal yourself by infusing magical energy.
You passively map a small area around you.
You do not regenerate.


Message History

The worker ant is moderately wounded.
The worker ant closely misses you.
You closely miss the worker ant.
The worker ant is moderately wounded.
The worker ant bites you but does no damage.
You hit the worker ant.
The worker ant is severely wounded.
The worker ant bites you. x2
You closely miss the worker ant.
The worker ant is severely wounded.
The worker ant completely misses you.
You barely miss the worker ant.
The worker ant is severely wounded.
The worker ant waves its antennae.
The worker ant bites you but does no damage.
You slash the worker ant!
You kill the worker ant!
Your Axes skill increases to level 4!
You have reached level 3!
Your experience leads to an increase in your attributes!
Increase (s)trength, (i)ntelligence, or (d)exterity?
You feel stronger.
Found a blossoming altar of Fedhas.
You now have 12 gold pieces.
There is a stone staircase leading up here.
You climb upwards.
There is a stone staircase leading down here.
Found 9 gold pieces.
Found an opulent altar of Gozag.
You now have 21 gold pieces (gained 9).
You are no longer poisoned.
There is a stone staircase leading down here.
You climb downwards.
There is a stone staircase leading up here.
A shadow imp comes into view.
Found 12 gold pieces.
The shadow imp gestures at you. Pain shoots through your body!
Found a scale mail.
The shadow imp gestures at you. Pain shoots through your body!
* * * LOW HITPOINT WARNING * * *
Found a dagger.
Found a stone staircase leading up.
You feel much better.
You hit the shadow imp but do no damage.
The shadow imp hits you.
You barely miss the shadow imp.
The shadow imp hits you but does no damage. x2
You closely miss the shadow imp. The shadow imp closely misses you.
You closely miss the shadow imp. The shadow imp closely misses you.
You hit the shadow imp.
The shadow imp is moderately wounded.
The shadow imp closely misses you.
You closely miss the shadow imp.
The shadow imp is moderately wounded.
The shadow imp closely misses you.
You hit the shadow imp but do no damage.
The shadow imp is moderately wounded.
The shadow imp barely misses you.
You hit the shadow imp.
The shadow imp is severely wounded.
The shadow imp closely misses you.
You hit the shadow imp but do no damage.
The shadow imp is severely wounded.
The shadow imp hits you but does no damage.
You hit the shadow imp but do no damage.
The shadow imp is severely wounded.
The shadow imp hits you.
You barely miss the shadow imp.
The shadow imp is severely wounded.
The shadow imp misses you.
You closely miss the shadow imp.
The shadow imp is severely wounded.
The shadow imp gestures at you. Pain shoots through your body!
You hit the shadow imp.
The shadow imp is almost dead.
The shadow imp closely misses you.
You hit the shadow imp but do no damage.
The shadow imp is almost dead.
The shadow imp misses you. The shadow imp gestures at you.
You barely resist.
You hit the shadow imp but do no damage.
The shadow imp is almost dead.
The shadow imp hits you but does no damage.
You completely miss the shadow imp.
The shadow imp is almost dead.
The shadow imp picks up a beetle and eats it.
The shadow imp hits you but does no damage.
You hit the shadow imp.
You kill the shadow imp!
You feel much better.
There is a blossoming altar of Fedhas here.
There is a stone staircase leading up here.
You climb upwards.
A jackal skeleton comes into view.
Found 25 stones.
There is a stone staircase leading down here.
Are you sure you want to abandon this character and quit the game? (Confirm with "yes".)

* , , , * * #*
, ###.###..
,#@....... ,
#............
,
#...(........
, * , *
,##.....###...
* , , #.......
.. ,
,.......... .,
, ...........,
, *
.......Z.##. ,
, , ,


You could see a jackal skeleton (dormant).

Vanquished Creatures
  An iguana (D:5)
  A worker ant (D:5)
  A shadow imp (D:5)
3 creatures vanquished.

Notes
Turn   | Place    | Note
-------+----------+-------------------------------------------
     0 | D:5      | EnegeticOcto the Deep Dwarf Delver began the quest for the
                  | Orb.
     0 | D:5      | Reached XP level 1. HP: 20/20 MP: 1/1
     1 | D:5      | Noticed an iguana
     5 | D:5      | Noticed a worker ant
    23 | D:5      | HP: 1/20 [iguana (3)]
    25 | D:5      | Killed an iguana
    26 | D:5      | Reached skill level 3 in Axes
    26 | D:5      | Reached XP level 2. HP: 25/27 MP: 2/2
    58 | D:5      | Reached skill level 4 in Axes
    58 | D:5      | Reached XP level 3. HP: 16/33 MP: 3/3
    59 | D:5      | Found a blossoming altar of Fedhas.
    76 | D:4      | Found an opulent altar of Gozag.
   135 | D:4      | Quit the game

Illustrated notes

Levels and vault maps discovered:
D:4:      layout_cave_pools, grunt_gozag_statues, zin_statuary,
          nicolae_overflow_crystal_walls, minmay_temple_entry_antechambers
D:5:      layout_basic, overflow_temple_1_default

Skill      XL: |  1  2 |
---------------+-------+-----
Axes           | 3 4 |  4.5
Fighting       | |  2.6
Dodging        | |  2.1
Stealth        | |  6.0

Action                   || total
-------------------------++-------
Melee: Hand axe          ||    44
 Abil: Heal Wounds       ||     4
Armor: Leather armour    ||     1
       Scale mail        ||    10
Dodge: Dodged            ||    24
